 Dungeon Crawl Stone Soup version 0.28-a0-1147-gc7b72d3202 (webtiles) character file.

Game seed: 13215855560666097890

1372 Htamos the Chiller (level 8, -3/60 HPs)
             Began as a Merfolk Ice Elementalist on Dec 14, 2021.
             Was an Initiate of Gozag.
             Slain by a gnoll (6 damage)
             ... on level 5 of the Dungeon.
             The game lasted 00:14:40 (6599 turns).

Htamos the Chiller (Merfolk Ice Elementalist)       Turns: 6599, Time: 00:14:42

Health: -3/60      AC:  6    Str:  6 (8)  XL:     8   Next: 65%
Magic:  14/14      EV: 11    Int: 15 (16) God:    Gozag
Gold:   569        SH:  0    Dex: 13 (15) Spells: 6/15 levels left

rFire   . . .      SeeInvis .   C - +3 trident (protect)
rCold   . . .      Faith    .   (no shield)
rNeg    . . .      Spirit   .   d - +1 ring mail
rPois   .          Reflect  .   (no helmet)
rElec   .          Harm     .   (no cloak)
rCorr   .          Rampage  .   (no gloves)
Will    .....                   (no boots)
Stlth   ..........              (no amulet)
HPRegen 0.20/turn               l - ring of willpower
MPRegen 0.14/turn               (no ring)

@: confused, weak-willed, on berserk cooldown, attractive, slowed, very slow
A: (nimble swimmer 2), mertail
a: Renounce Religion, Potion Petition, Call Merchant, Bribe Branch


You were on level 5 of the Dungeon.
You worshipped Gozag.
Gozag was pleased with you.
You visited 2 branches of the dungeon, and saw 6 of its levels.

You collected 605 gold pieces.
You paid 36 gold pieces to Gozag.

Inventory:

Hand Weapons
 c - a +0 short sword
 e - a +0 whip
 f - a +0 spear
 o - a +3 whip of electrocution
 r - a +2 mace of holy wrath
 z - a +2 trident of distortion {!w}
 C - a +3 trident of protection (weapon)
Armour
 a - a +0 robe
 d - a +1 ring mail (worn)
 m - a +2 chain mail of poison resistance
 t - a +0 scale mail
Magical Staves
 u - a staff of cold
Jewellery
 l - a ring of willpower (left hand)
 w - a ring of poison resistance
 A - a ring of protection from fire
Wands
 k - a wand of flame (14)
 x - a wand of iceblast (7)
Scrolls
 b - a scroll of blinking
 q - 5 scrolls of identify {@rr}
 s - a scroll of vulnerability
 B - a scroll of holy word {unknown}
Potions
 g - 2 potions of berserk rage
 i - a potion of attraction
 j - a potion of degeneration
 n - a potion of brilliance {unknown}
 p - a potion of ambrosia {unknown}
 v - a potion of haste {unknown}


   Skills:
 + Level 4.2 Fighting
 + Level 4.7 Polearms
 + Level 5.9 Dodging
 - Level 2.2 Stealth
 + Level 4.1 Spellcasting
 + Level 3.0 Hexes
 * Level 7.7 Ice Magic


You had 6 spell levels left.
You knew the following spells:

 Your Spells              Type           Power      Damage    Failure   Level
a - Freeze                Ice            100%       1d11      3%          1
b - Frozen Ramparts       Ice            52%        1d7       9%          3
c - Ozocubu's Armour      Ice            26%        N/A       9%          3
d - Ensorcelled Hibernat  Hex/Ice        38%        N/A       12%         2

Your spell library contained the following spells:

 Spells                   Type           Power      Damage    Failure   Level
 Tukima's Dance           Hex            12%        N/A       54%         3
 Animate Skeleton         Necr           6%         N/A       58%         1
 Pain                     Necr           12%        1d4       58%         1
 Blink                    Tloc           6%         N/A       73%         2
 Dazzling Flash           Conj/Hex       14%        N/A       75%         3
 Hailstorm                Conj/Ice       14%        3d5       82%         4
 Lesser Beckoning         Tloc           3%         N/A       91%         3
 Vampiric Draining        Necr           3%         2d6       91%         3
 Iskenderun's Mystic Bla  Conj/Tloc      3%         2d3       100%        4
 Manifold Assault         Tloc           3%         N/A       100%        5
 Starburst                Conj/Fire      1%         6d3       100%        6


Dungeon Overview and Level Annotations

Branches:
Dungeon (5/15)             Temple (1/1) D:4

Altars:
Ashenzari
Cheibriados
Elyvilon
Fedhas
Gozag
Okawaru
Ru
Sif Muna
Trog
Uskayaw
Vehumet
Wu Jian
Xom
Yredelemnul
Zin
The Shining One


Innate Abilities, Weirdness & Mutations

((You are quick and stealthy near water. (Stealth+, EV+, Speed+++)))
Your lower body shifts to a powerful aquatic tail in water.


Message History

* * * LOW HITPOINT WARNING * * *
The orc closely misses you. The vampire closely misses you.
The vampire barely misses you.
You are too confused!
Unknown command.
You feel better. The gnoll hits you but does no damage. The orc misses you.
The gnoll hits you from afar with a +0 halberd!
* * * LOW HITPOINT WARNING * * *
The vampire gestures at you while chanting.
You are confused.
The gnoll hits you from afar with a +0 spear.
* * * LOW HITPOINT WARNING * * *
The gnoll barely misses you. The orc hits you with a +0 club.
* * * LOW HITPOINT WARNING * * *
Unknown command.
You are too confused!
Okay, then.
It was a potion of attraction.
You feel attractive to monsters.
The vampire gestures wildly while chanting.
The vampire flickers and vanishes!
Deactivating autopickup; reactivate with Ctrl-A.
The gnoll hits you from afar with a +0 spear.
* * * LOW HITPOINT WARNING * * *
The orc hits you but does no damage. The gnoll misses you. Something hits you.
* * * LOW HITPOINT WARNING * * *
Something bites you.
* * * LOW HITPOINT WARNING * * *
Something draws strength from your injuries!
Unknown command.
Unknown command.
It was a potion of degeneration.
There was something very wrong with that liquid.
You feel weakened.
You feel dopey.
You feel clumsy.
The gnoll hits you from afar with a +0 spear!
* * * LOW HITPOINT WARNING * * *
The orc closely misses you.
The gnoll hits you from afar with a +0 halberd.
You die...
Your body crumbles into a pile of gold.

$ ##################
^......'..'....... $$
########''######### $
..................# $$$ #
..................######.#
.................{gg..$'.#.≈≈≈...
................@ogg..$'.#.≈≈≈...
########''###########'##.#.≈≈≈...
#######....#######. ..# .≈≈≈...
'))...'....'.....'. .?# ≈≈≈...
#######....#######. ..#+###≈≈P..
#######''')#############...#≈≈...
.......................#.gg#≈≈...
≈≈≈≈≈≈≈....≈≈≈≈≈≈≈≈≈≈≈≈#####≈≈...
≈≈≈≈≈≈≈....≈≈≈≈≈≈≈≈≈≈≈≈≈≈≈≈≈≈≈...


You could see 4 gnolls and an orc (weak-willed).

Vanquished Creatures
  A sky beast (D:5)
  A black bear (D:4)
  A phantom (D:5)
  A gnoll sergeant (D:5)
  A scorpion (D:5)
  A water moccasin skeleton (D:5)
  2 howler monkeys (D:4)
  2 orc priests (D:5)
  A bullfrog skeleton (D:5)
  2 hounds
  3 gnoll shamans (D:5)
  Terence (D:3)
  3 iguanas
  2 orc wizards
  27 gnolls
  10 adders
  A worm (D:3)
  3 dart slugs
  29 orcs
  4 ball pythons
  12 bats
  2 endoplasms (D:1)
  4 giant cockroaches
  8 goblins
  4 hobgoblins
  4 jackals (D:5)
  2 quokkas
  8 frilled lizards
  6 kobolds
  A rat (D:2)
147 creatures vanquished.

Vanquished Creatures (others)
  2 plants (D:5)
2 creatures vanquished.

Grand Total: 149 creatures vanquished

Notes
Turn   | Place    | Note
-------+----------+-------------------------------------------
     0 | D:1      | Htamos the Merfolk Ice Elementalist began the quest for the
                  | Orb.
     0 | D:1      | Reached XP level 1. HP: 13/13 MP: 3/3
   140 | D:1      | Reached XP level 2. HP: 20/20 MP: 3/5
   599 | D:1      | Reached skill level 1 in Fighting
   599 | D:1      | Reached XP level 3. HP: 26/26 MP: 2/6
   769 | D:2      | Learned a level 3 spell: Frozen Ramparts
  1084 | D:2      | Reached skill level 5 in Ice Magic
  1353 | D:2      | Reached XP level 4. HP: 32/32 MP: 5/7
  2218 | D:3      | Noticed Terence
  2224 | D:3      | Killed Terence
  2225 | D:3      | Reached XP level 5. HP: 26/38 MP: 3/9
  2605 | D:3      | Reached skill level 1 in Polearms
  2673 | D:3      | Found a faded altar of an unknown god.
  2708 | D:3      | Learned a level 3 spell: Ozocubu's Armour
  2711 | D:3      | Learned a level 2 spell: Ensorcelled Hibernation
  3276 | D:4      | Reached XP level 6. HP: 33/45 MP: 3/10
  3420 | D:4      | Found a staircase to the Ecumenical Temple.
  3434 | Temple   | Entered the Ecumenical Temple
  3611 | Temple   | Became a worshipper of Gozag Ym Sagoz the Greedy
  3671 | D:4      | Reached skill level 6 in Ice Magic
  4040 | D:4      | Noticed a black bear
  4043 | D:4      | Reached skill level 1 in Hexes
  4070 | D:4      | Killed a black bear
  4071 | D:4      | Reached XP level 7. HP: 39/51 MP: 3/11
  4498 | D:5      | Entered Level 5 of the Dungeon
  5292 | D:5      | Reached skill level 5 in Dodging
  5700 | D:5      | Reached skill level 7 in Ice Magic
  5700 | D:5      | Reached XP level 8. HP: 43/58 MP: 13/13
  6578 | D:5      | Noticed a vampire
  6599 | D:5      | HP: 3/60 [gnoll (7)]
  6599 | D:5      | Slain by a gnoll

Illustrated notes

Levels and vault maps discovered:
D:1:      dpeg_arrival_lava_temple_mockup, layout_rooms, minivault_4
D:2:      layout_rooms, dk_vineyard_3, minmay_quadrilaterals
D:3:      layout_loops_cross, hellmonk_ecumenical_altar_blasted, uniq_terence
D:4:      layout_loops_ring, minmay_temple_entry_trees
D:5:      lemuel_castle_with_subvaults [lemuel_castle_interior_original],
          layout_loops_cross, grunt_decor_mini_mirrors
Temple:   nicolae_temple_elliptical

Skill      XL: |  1  2  3  4  5  6  7  8 |
---------------+-------------------------+-----
Dodging        | 3 4 5 |  5.9
Fighting       | 1 2 3 4 |  4.2
Ice Magic      | 5 6 7 |  7.7
Polearms       | 1 2 3 4 |  4.7
Spellcasting   | 3 4 |  4.1
Hexes          | 1 2 3 |  3.0
Stealth        | |  2.2

Action                   |  1- 3 |  4- 6 |  7- 9 || total
-------------------------+-------+-------+-------++-------
Melee: Short sword       |     1 |       |       ||     1
       Whip              |    12 |     1 |       ||    13
       Spear             |       |    30 |       ||    30
       Mace              |       |       |    15 ||    15
       Staff             |       |       |     3 ||     3
       Tailslap          |       |       |     1 ||     1
       Trident           |       |       |    39 ||    39
 Cast: Freeze            |    54 |    96 |   100 ||   250
Evoke: Wand              |       |       |    12 ||    12
  Use: Scroll            |       |     4 |     2 ||     6
       Potion            |       |     1 |     4 ||     5
 Stab: Sleeping          |     1 |     2 |     1 ||     4
Armor: Robe              |    13 |     3 |       ||    16
       Ring mail         |       |    21 |    46 ||    67
       Chain mail        |       |    19 |       ||    19
Dodge: Dodged            |    38 |    59 |    80 ||   177

Table legend: (Time is in decaauts)
 A = Elapsed time spent in this place.
 B = Non-inter-level travel time spent in this place.
 C = Inter-level travel time spent in this place.
 D = Time resting spent in this place.
 E = Time spent auto-exploring this place.
 F = Levels seen in this place.
 G = Mean time per level.
                   A        B        C        D        E       F      G
               +--------+--------+--------+--------+--------+-----+--------+
         Total |   6600 |   6499 |    101 |    699 |   4375 |   6 | 1100.0 |
       Dungeon |   6406 |   6321 |     85 |    699 |   4224 |   5 | 1281.2 |
        Temple |    193 |    177 |     16 |      0 |    151 |   1 |  193.0 |
               +--------+--------+--------+--------+--------+-----+--------+

Top non-repeatable levels by time:
     D:5: 2068 daAuts
     D:2: 1262 daAuts
     D:4: 1105 daAuts
     D:3: 1019 daAuts
     D:1: 950 daAuts
  Temple: 193 daAuts
